 Dungeon Crawl Stone Soup version 0.31-a0-841-g038b102fc3 (webtiles) character file.

Game seed: 12213328094923282924

261 javelincjr the Sneak (level 6, -4/36 HPs)
             Began as an Octopode Hedge Wizard on Sept 27, 2023.
             Succumbed to a scorpion's poison
             ... on level 5 of the Dungeon.
             The game lasted 00:11:59 (4673 turns).

javelincjr the Sneak (Octopode Hedge Wizard)        Turns: 4673, Time: 00:11:59

Health: -4/36      AC:  1    Str:  9    XL:     6   Next: 18%
Magic:  10/12      EV: 13    Int: 18    God:
Gold:   138        SH:  0    Dex: 12    Spells: 8/13 levels left

rFire   . . .        w - +1 dagger of the Middle {holy, rC- rN++ Stlth+}
rCold   x . .        (no shield)
rNeg    + + .        b - +0 hat
rPois   .            (no amulet)
rElec   .            (no ring)
rCorr   .            (no ring)
SInv    .            (no ring)
Will    .....        (no ring)
Stlth   +++++        (no ring)
HPRegen 0.26/turn    (no ring)
MPRegen 0.13/turn    (no ring)
                     (no ring)

%: no passive effects
@: lethally poisoned (-4 -> -31), studying Short Blades, invisible
A: almost no armour, amphibious, 8 rings, camouflage 1, gelatinous body 1,
(nimble swimmer 1), tentacles
a: no special abilities


You were on level 5 of the Dungeon.
You visited 1 branch of the dungeon, and saw 5 of its levels.

You collected 138 gold pieces.

Inventory:

Hand Weapons
 a - a +0 dagger
 i - a +2 dagger of venom
 s - a +0 spear of flaming
 w - the +1 dagger of the Middle (weapon) {holy, rC- rN++ Stlth+}
   (You found it on level 5 of the Dungeon)

   rC-:       It makes you vulnerable to cold.
   rN++:      It greatly protects you from negative energy.
   Stlth+:    It makes you more stealthy.
Missiles
 r - 10 poisoned darts
Armour
 b - a +0 hat (worn)
Scrolls
 d - 5 scrolls of identify {unknown}
 f - 3 scrolls of enchant weapon {unknown}
 g - 3 scrolls of fog {unknown}
 h - 2 scrolls of fear {unknown}
 l - a scroll of immolation {unknown}
 m - 2 scrolls of teleportation {unknown}
 n - a scroll of summoning {unknown}
 p - 2 scrolls of enchant armour {unknown}
 q - a scroll of blinking {unknown}
 t - a scroll of silence {unknown}
Potions
 c - a potion of magic
 e - a potion of heal wounds {unknown}
 j - 3 potions of invisibility
 k - a potion of might {unknown}
 o - a potion of mutation {unknown}
 u - a potion of attraction {unknown}
 v - a potion of degeneration {unknown}


   Skills:
 + Level 3.0 Dodging
 + Level 4.4 Stealth
 * Level 4.1 Spellcasting
 + Level 2.3 Conjurations
 + Level 2.2 Summonings
 + Level 2.2 Translocations


You had 8 spell levels left.
You knew the following spells:

 Your Spells              Type           Power      Damage    Failure   Level
a - Magic Dart            Conj           48%        1d5       5%          1
b - Call Imp              Summ           22%        N/A       9%          2
c - Blink                 Tloc           22%        N/A       9%          2

Your spell library contained the following spells:

 Spells                   Type           Power      Damage    Failure   Level
 Summon Small Mammal      Summ           44%        N/A       6%          1
 Slow                     Hex            12%        N/A       14%         1
 Call Canine Familiar     Summ           11%        N/A       17%         3
 Cigotuvi's Dreadful Rot  Necr/Pois/Air  6%         N/A       22%         2
 Wereblood                Tmut           3%         N/A       22%         2
 Summon Guardian Golem    Hex/Summ       7%         N/A       28%         3
 Mephitic Cloud           Conj/Pois/Air  6%         N/A       32%         3
 Dispel Undead            Necr           3%         3d7       82%         4
 Irradiate                Conj/Tmut      3%         3d12      94%         5
 Death Channel            Necr           1%         N/A       100%        6


Dungeon Overview and Level Annotations

Branches:
Dungeon (5/15)
 Temple: D:4-7

Altars:
Okawaru
Trog
Wu Jian


Innate Abilities, Weirdness & Mutations

You cannot wear most types of armour.
You are amphibious.
You can wear up to eight rings at the same time.
Your skin changes colour to match your surroundings (Stealth+).
Your rubbery body absorbs attacks. (AC +1, EV +1)
((You are camouflaged when in or above water. (Stealth+)))
You have tentacles for arms and can constrict up to eight enemies at once.


Message History

You completely miss the scorpion. Your grab misses the scorpion.
You squeeze the scorpion!
The scorpion is heavily wounded.
The scorpion misses you. The scorpion barely misses you.
Your cerulean imp hits the scorpion with a -3 spear.
You closely miss the scorpion. Your grab misses the scorpion.
Your squeeze misses the scorpion.
The scorpion is heavily wounded.
The scorpion stings you.
You are poisoned.
The scorpion poisons you!
Your cerulean imp hits the scorpion but does no damage.
You hit the scorpion. Your grab misses the scorpion.
The scorpion is severely wounded.
You feel very sick. The scorpion stings you.
You are lethally poisoned!
The scorpion poisons you!
Your cerulean imp hits the scorpion with a -3 spear.
You hit the scorpion. You grab the scorpion.
The scorpion is almost dead.
You constrict the scorpion, but do no damage.
You feel very sick.
Your cerulean imp disappears in a puff of smoke!
The scorpion stings you.
You are more poisoned.
The scorpion poisons you!
You are too injured to fight recklessly!
You hit the scorpion but do no damage.
You squeeze the scorpion, but do no damage.
The scorpion is almost dead.
You constrict the scorpion, but do no damage.
* * * LOW HITPOINT WARNING * * *
You feel extremely sick. The scorpion stings you!
* * * LOW HITPOINT WARNING * * *
It was a potion of invisibility.
You fade into invisibility!
You constrict the scorpion, but do no damage.
You die...

## ... #. ... ..# #. #.#
#.# #. # #.# #.# ## #
#.##.###.############
... .§................<
.##..##.##..>##.........
......s@§.......##.##.##
.....##.##...#####.##.##
.## ...###.## ##.##.##
###.# #.#####.).#... #.#
#.........#### #.#
#######...# # #.# #####
# #.# #########
.........


You could see a scorpion (unable to see you).

Vanquished Creatures
  An iguana (D:4)
  5 adders
  A shadow imp (D:5)
  An ufetubus (D:3)
  3 worms (D:2)
  4 dart slugs
  An orc (D:5)
  7 ball pythons
  3 bats
  4 endoplasms
  4 giant cockroaches (D:2)
  9 hobgoblins
  10 kobolds
  6 quokkas
  3 frilled lizards
  3 goblins
  2 rats (D:1)
67 creatures vanquished.

Vanquished Creatures (collateral kills)
  A scorpion (D:5)
  An adder (D:3)
  A dart slug (D:4)
  An endoplasm (D:3)
  A giant cockroach (D:3)
  2 goblins
  3 hobgoblins
  5 kobolds
  A quokka (D:2)
  A ball python (D:2)
  A frilled lizard (D:2)
18 creatures vanquished.

Grand Total: 85 creatures vanquished

Notes
Turn   | Place    | Note
-------+----------+-------------------------------------------
     0 | D:1      | javelincjr the Octopode Hedge Wizard began the quest for
                  | the Orb.
     0 | D:1      | Reached XP level 1. HP: 11/11 MP: 4/4
   226 | D:1      | Reached XP level 2. HP: 16/17 MP: 0/6
   229 | D:1      | Learned a level 2 spell: Call Imp
   232 | D:1      | Learned a level 2 spell: Blink
   989 | D:1      | Reached XP level 3. HP: 21/21 MP: 7/7
  1518 | D:2      | Reached XP level 4. HP: 25/27 MP: 7/9
  2582 | D:3      | Found an ornate altar of the Wu Jian Council.
  2582 | D:3      | Found an iron altar of Okawaru.
  2596 | D:3      | Found a bloodstained altar of Trog.
  3148 | D:3      | Reached XP level 5. HP: 31/31 MP: 8/10
  4374 | D:5      | Entered Level 5 of the Dungeon
  4374 | D:5      | Noticed a water moccasin
  4374 | D:5      | Noticed an ogre
  4597 | D:5      | Identified the +1 dagger of the Middle {holy, rC- rN++
                  | Stlth+}
  4652 | D:5      | Reached XP level 6. HP: 28/36 MP: 9/12
  4672 | D:5      | HP: 1/36 [scorpion (7)]
  4673 | D:5      | Succumbed to a scorpion's poison

Illustrated notes

Levels and vault maps discovered:
D:1:      evilmike_arrival_hilbert_curve, layout_basic, minivault_27
D:2:      minmay_razor_zed, layout_basic, minmay_heptomino_w4
D:3:      layout_loops_corners, gammafunk_temple_overflow_forgotten
D:4:      layout_cave_pools
D:5:      layout_loops_ring, nicolae_fountain_basement

Skill      XL: |  1  2  3  4  5 |
---------------+----------------+-----
Stealth        | 3 4 |  4.4
Conjurations   | 2 |  2.3
Translocations | 2 |  2.2
Summonings     | 2 |  2.2
Dodging        | 3 |  3.0
Spellcasting   | 4 |  4.1

Action                     |  1- 3 |  4- 6 || total
---------------------------+-------+-------++-------
  Melee: Dagger            |    45 |    89 ||   134
         Constrict         |    12 |    21 ||    33
         Tentacles         |     7 |    17 ||    24
         Punch             |       |     1 ||     1
   Cast: Magic Dart        |    27 |    38 ||    65
         Call Imp          |    10 |    29 ||    39
         Blink             |       |     1 ||     1
    Use: Potion            |       |     1 ||     1
   Stab: Sleeping          |     5 |     1 ||     6
         Distracted        |     1 |       ||     1
 Armour: Skin              |    13 |    38 ||    51
  Dodge: Dodged            |    51 |    66 ||   117

Table legend: (Time is in decaauts)
 A = Elapsed time spent in this place.
 B = Non-inter-level travel time spent in this place.
 C = Inter-level travel time spent in this place.
 D = Time resting spent in this place.
 E = Time spent auto-exploring this place.
 F = Levels seen in this place.
 G = Mean time per level.
                   A        B        C        D        E       F      G
               +--------+--------+--------+--------+--------+-----+--------+
         Total |   4672 |   4564 |    108 |     42 |   3879 |   5 |  934.4 |
       Dungeon |   4672 |   4564 |    108 |     42 |   3879 |   5 |  934.4 |
               +--------+--------+--------+--------+--------+-----+--------+

Top non-repeatable levels by time:
     D:1: 1244 daAuts
     D:2: 1231 daAuts
     D:3: 1187 daAuts
     D:4: 734 daAuts
     D:5: 274 daAuts
